 Dungeon Crawl Stone Soup version 0.31-a0-702-gf82c85558f (webtiles) character file.

Game seed: 5802615126970723922

23235 qw the Marksgargoyle (level 13, 0/82 HPs)
             Began as a Gargoyle Hunter on Sept 7, 2023.
             Was an Elder of Okawaru.
             Killed from afar by an oklob plant (18 damage)
             ... with a splash of acid
             ... on level 4 of the Lair of Beasts.
             The game lasted 00:07:05 (12767 turns).

qw the Marksgargoyle (Gargoyle Hunter)             Turns: 12767, Time: 00:07:06

Health: 0/82       AC: 18    Str: 21    XL:     13   Next: 5%
Magic:  20/20      EV: 15    Int: 11    God:    Okawaru [****..]
Gold:   679        SH:  5    Dex: 23    Spells: 12/12 levels left

rFire   + . .        i - +1 arbalest (drain)
rCold   + . .        (shield currently unavailable)
rNeg    + . .        a - +4 ring mail of Defiance {*Corrode Str+6 Dex+2}
rPois   inf          m - +1 helmet
rElec   +            r - +0 cloak
rCorr   .            l - +0 pair of gloves
SInv    .            t - +0 pair of boots of Impressiveness {rElec Dex+4}
Will    .....        c - amulet of reflection
Stlth   ++           e - ring of protection from cold
HPRegen 0.33/turn    q - ring of protection from fire
MPRegen 0.17/turn

%: corrode self (3%), reflection
@: about to teleport, corroded
A: sickness immunity, AC +9, negative energy resistance 1, electricity
resistance, torment resistance 1, petrification resistance
a: Renounce Religion, Heroism, Finesse


You were on level 4 of the Lair of Beasts.
You worshipped Okawaru.
Okawaru was greatly pleased with you.
You visited 3 branches of the dungeon, and saw 14 of its levels.

You collected 913 gold pieces.
You spent 234 gold pieces at shops.


Innate Abilities, Weirdness & Mutations

You are immune to sickness and miasma.
Your stone body is resilient. (AC +9)
You are immune to poison.
You resist negative energy. (rN+)
You are resistant to electric shocks. (rElec)
You are resistant to unholy torment.
You are immune to petrification.


   Skills:
 - Level 10.0 Fighting
 + Level 15.4 Ranged Weapons
 - Level 6.0 Armour
 - Level 6.0 Dodging
 - Level 1.1 Stealth
 - Level 10.1 Invocations


You had 12 spell levels left.
You didn't know any spells.
Your spell library was empty.

Inventory:

Hand Weapons
 i - a +1 arbalest of draining (weapon)
Armour
 a - the +4 ring mail of Defiance (worn) {*Corrode Str+6 Dex+2}
   (You acquired it on level 2 of the Dungeon)

   Str+6:     It affects your strength (+6).
   Dex+2:     It affects your dexterity (+2).
   *Corrode:  It may corrode you when you take damage.
 f - the +0 robe "Gaweyda" {+Blink rF+ Regen+}
   (You found it on level 6 of the Dungeon)

   rF+:       It protects you from fire.
   +Blink:    It lets you blink.
   Regen+:    It increases your rate of health regeneration.
 l - a +0 pair of gloves (worn)
 m - a +1 helmet (worn)
 r - a +0 cloak (worn)
 t - the +0 pair of boots of Impressiveness (worn) {rElec Dex+4}
   (You acquired it on level 5 of the Dungeon)

   Dex+4:     It affects your dexterity (+4).
   rElec:     It insulates you from electricity.
Jewellery
 c - an amulet of reflection (around neck)
 e - a ring of protection from cold (left hand)
 n - a ring of protection from cold
 q - a ring of protection from fire (right hand)
 u - a +6 ring of strength
 Y - a ring of resist corrosion
Scrolls
 h - 5 scrolls of identify
Potions
 b - 5 potions of curing
 d - 4 potions of might
 g - 4 potions of enlightenment
 k - a potion of mutation
 o - a potion of haste
 p - a potion of cancellation

Dungeon Overview and Level Annotations

Branches:
Dungeon (9/15)             Temple (1/1) D:6            Lair (4/5) D:9
  Swamp (0/4) Lair:2        Snake (0/4) Lair:2        Slime (0/5) Lair:4
    Orc: D:9-12

Altars:
Ashenzari
Cheibriados
Dithmenos
Elyvilon
Fedhas
Hepliaklqana
Kikubaaqudgha
Makhleb
Nemelex Xobeh
Okawaru
Qazlal
Ru
Sif Muna
Uskayaw
Vehumet
Wu Jian
Xom
Yredelemnul
Zin
The Shining One
Jiyva

Shops:
D:7 ?

Annotations:
D:3 2 transporters, Menkaure
D:9 2 runed translucent doors
Lair:4 exclusion: 2 oklob plants


Message History

HP restored.
Enter note:
Enter note:
Enter note:
Enter note:
Enter note:
Enter note:
Enter note:
Enter note:
Enter note:
Enter note:
Enter note:
Enter note:
Enter note:
Enter note: The oklob plant spits acid at you.
The splash of acid hits you!!
Enter note:
Enter note:
Enter note:
Enter note:
Enter note:
Enter note:
Enter note: The oklob plant spits acid at you.
The splash of acid hits you but does no damage.
The oklob plant spits acid at you. The splash of acid hits you!
The oklob plant spits acid at you. The splash of acid hits you!
The acid corrodes you! The oklob plant spits acid at you.
The splash of acid hits you! The acid corrodes you!
The oklob plant spits acid at you. The splash of acid hits you!!
12767 ||| READING scroll of teleportation.
As you read the scroll of teleportation, it crumbles to dust.
You feel strangely unstable. The oklob plant spits acid at you.
The splash of acid hits you!!
You die...

##.........## ##.........
##.........## #.#........
#.#.........#####.#....... ####
###...........# ###.......
...#######.........### #.......
.......##...........# #.#.....
....<...#......P.P..## ####....
........#.......>....## ####.P.
.........#......@.....# ###..#...
.......[.#.<..........###.#.....#
........#..........P##.......#.##
........##........#####...######
........###........# #....#
.......####.....>$## ##...##
.......#P........## #.....##
.................# ##.....#
#......#.#.......# #.....##


You could see 2 oklob plants.

Vanquished Creatures
  2 hydras (Lair:4)
  A centaur warrior (D:9)
  2 two-headed ogres (D:9)
  2 skysharks
  Pikel (D:8)
  An oklob plant (Lair:4)
  3 black mambas
  4 elephants (Lair:2)
  Joseph (D:7)
  A gargoyle (D:7)
  6 cane toads
  A rime drake (Lair:1)
  3 komodo dragons
  A polar bear (Lair:3)
  Prince Ribbit (D:7)
  A hornet (Lair:3)
  9 blink frogs
  A spriggan (Lair:3)
  4 wyverns
  30 yaks
  4 basilisks
  Edmund (D:5)
  7 water moccasins
  An ice beast (D:5)
  An ogre (D:6)
  2 orc warriors (D:9)
  3 black bears
  3 wolves (Lair:3)
  A centaur (D:8)
  A lemure (D:8)
  A phantom (D:5)
  7 bullfrogs
  3 scorpions
  2 gnoll sergeants (D:9)
  7 wights
  11 killer bees
  2 electric eels (Lair:2)
  3 howler monkeys
  3 hounds
  2 gnoll boudas (D:7)
  5 orc priests
  A sleepcap (D:8)
  Jessica (D:2)
  4 iguanas
  6 orc wizards
  23 gnolls
  12 adders
  A shadow imp (D:6)
  A white imp (D:5)
  2 ufetubi (D:5)
  3 dart slugs
  31 orcs
  11 ball pythons
  4 endoplasms
  5 giant cockroaches
  4 goblins
  11 hobgoblins
  6 quokkas
  13 kobolds
  4 rats
288 creatures vanquished.

Notes
Turn   | Place    | Note
-------+----------+-------------------------------------------
     0 | D:1      | qw the Gargoyle Hunter began the quest for the Orb.
     0 | D:1      | Reached XP level 1. HP: 12/12 MP: 1/1
     0 | D:1      | 0 ||| qw: Version: 0.3-a-76-g4403597
     0 | D:1      | 0 ||| qw: Game counter: 837
     0 | D:1      | 0 ||| qw: Melee chars always use a shield: true
     0 | D:1      | 0 ||| qw: God list: Okawaru
     0 | D:1      | 0 ||| qw: Allow faded altars: false
     0 | D:1      | 0 ||| qw: Do Orc after clearing Dungeon:15 true
     0 | D:1      | 0 ||| qw: Do second Lair branch before Depths: true
     0 | D:1      | 0 ||| qw: Lair rune preference: random
     0 | D:1      | 0 ||| qw: Goals: Normal
     0 | D:1      | 0 ||| PLANNING D:1-11
    58 | D:1      | Reached XP level 2. HP: 17/17 MP: 2/2
   608 | D:1      | 608 ||| UPGRADING to +0 ring mail.
   618 | D:1      | 618 ||| DROPPING +0 leather armour.
   619 | D:1      | 619 ||| UPGRADING to ring of protection from cold.
   620 | D:1      | 620 ||| READING 3 scrolls labelled UBIH ENGAPP.
   621 | D:1      | 621 ||| READING scroll labelled KAFUJIWKEC.
   622 | D:1      | 622 ||| DROPPING 2 scrolls of revelation.
   623 | D:1      | 623 ||| DROPPING scroll of butterflies.
   662 | D:2      | Reached skill level 1 in Armour
   662 | D:2      | Reached XP level 3. HP: 21/21 MP: 3/3
   721 | D:2      | Reached skill level 5 in Ranged Weapons
   840 | D:2      | Noticed Jessica
   852 | D:2      | Killed Jessica
   853 | D:2      | Reached skill level 3 in Fighting
   853 | D:2      | Reached XP level 4. HP: 24/28 MP: 4/4
  1035 | D:2      | 1035 ||| RETREATING.
  1049 | D:2      | HP: 7/28 [gnoll/+0 spear of venom (3)]
  1080 | D:2      | HP: 2/28 [gnoll/+0 flail of protection (6)]
  1082 | D:2      | Reached XP level 5. HP: 3/32 MP: 5/5
  1226 | D:2      | Found a broken altar of Ashenzari.
  1497 | D:2      | 1497 ||| UPGRADING to amulet of reflection.
  1502 | D:2      | 1502 ||| UPGRADING to ring of resist corrosion.
  1503 | D:2      | 1503 ||| READING scroll labelled KEHAKHUULO.
  1504 | D:2      | 1504 ||| READING scroll labelled YGAEJA TIABOPTUCE.
  1504 | D:2      | Identified a scroll of acquirement
  1504 | D:2      | 1504 ||| ACQUIRING +4 ring mail of Defiance {*Corrode Str+6
                  | Dex+2}
  1504 | D:2      | Acquired the +4 ring mail of Defiance {*Corrode Str+6
                  | Dex+2}
  1506 | D:2      | 1506 ||| UPGRADING to +4 ring mail of Defiance {*Corrode
                  | Str+6 Dex+2}.
  1516 | D:2      | 1516 ||| DROPPING +0 ring mail.
  1517 | D:2      | 1517 ||| READING scroll labelled PIRRIC QOGACS.
  1520 | D:2      | 1520 ||| DRINKING 3 brown potions.
  1637 | D:3      | Found a transporter.
  1921 | D:3      | Found a basalt altar of Yredelemnul.
  1923 | D:3      | Noticed Menkaure
  1926 | D:3      | Found an ancient bone altar of Kikubaaqudgha.
  1943 | D:3      | Found a transporter.
  2125 | D:3      | 2125 ||| READING scroll labelled TEAWEUN KONLO.
  2149 | D:3      | 2149 ||| READING scroll labelled SALUOP VIHUUF.
  2330 | D:4      | Reached skill level 6 in Ranged Weapons
  2341 | D:4      | 2341 ||| FLEEEEING.
  2342 | D:4      | 2342 ||| FLEEEEING.
  2428 | D:4      | Reached XP level 6. HP: 38/38 MP: 6/6
  2504 | D:4      | 2504 ||| DRINKING 2 potions of curing.
  2504 | D:4      | 2504 ||| (to cure confusion)
  2884 | D:4      | 2884 ||| READING scroll labelled REOFFY BUGUEDU.
  2885 | D:4      | 2885 ||| READING scroll labelled ODAEJUT ESEM.
  2886 | D:4      | 2886 ||| READING scroll labelled YTILOREIPOR.
  2887 | D:4      | 2887 ||| READING 5 scrolls of identify.
  2887 | D:4      | 2887 ||| IDENTIFYING viscous brown potion
  2888 | D:4      | 2888 ||| READING 4 scrolls of identify.
  2888 | D:4      | 2888 ||| IDENTIFYING fizzy golden potion
  2914 | D:5      | Entered Level 5 of the Dungeon
  2922 | D:5      | Reached skill level 7 in Ranged Weapons
  2940 | D:5      | Reached XP level 7. HP: 43/43 MP: 7/7
  3296 | D:5      | Reached skill level 8 in Ranged Weapons
  3426 | D:5      | 3426 ||| SWAPPING to +0 arbalest.
  3427 | D:5      | 3427 ||| DROPPING +0 shortbow.
  3515 | D:5      | Reached XP level 8. HP: 46/49 MP: 8/8
  3623 | D:5      | Noticed Edmund
  3633 | D:5      | Killed Edmund
  3673 | D:5      | 3673 ||| READING scroll of acquirement.
  3673 | D:5      | 3673 ||| ACQUIRING +0 pair of boots of Impressiveness
                  | {rElec Dex+4}
  3673 | D:5      | Acquired the +0 pair of boots of Impressiveness {rElec
                  | Dex+4}
  3675 | D:5      | 3675 ||| UPGRADING to +0 pair of boots.
  3680 | D:5      | 3680 ||| UPGRADING to +0 pair of boots of Impressiveness
                  | {rElec Dex+4}.
  3690 | D:5      | 3690 ||| DROPPING +0 pair of boots.
  3888 | D:5      | 3888 ||| DROPPING amulet of the acrobat.
  3889 | D:5      | 3889 ||| READING scroll labelled DESTU ZEFE.
  3890 | D:5      | 3890 ||| READING scroll labelled LARU KAODEPUQ.
  3891 | D:5      | 3891 ||| READING 2 scrolls labelled SAEVIEXEGA.
  3892 | D:5      | 3892 ||| READING scroll labelled ATTUFULYWO.
  3893 | D:5      | 3893 ||| READING 3 scrolls of identify.
  3893 | D:5      | 3893 ||| IDENTIFYING sapphire potion
  3894 | D:5      | 3894 ||| READING 2 scrolls of identify.
  3894 | D:5      | 3894 ||| IDENTIFYING white potion
  3895 | D:5      | 3895 ||| DROPPING scroll of immolation.
  3951 | D:6      | Identified the +0 robe "Gaweyda" {+Blink rF+ Regen+}
  4183 | D:6      | Reached skill level 9 in Ranged Weapons
  4328 | D:6      | Reached skill level 6 in Fighting
  4455 | D:6      | Found a staircase to the Ecumenical Temple.
  4456 | D:6      | 4456 ||| PLANNING TEMPLE
  4456 | D:6      | 4456 ||| READING scroll labelled RIECKU HIFFA.
  4457 | D:6      | 4457 ||| READING 2 scrolls of identify.
  4457 | D:6      | 4457 ||| IDENTIFYING grey potion
  4466 | Temple   | Entered the Ecumenical Temple
  4467 | Temple   | 4467 ||| PLANNING OKAWARU WORSHIP
  4475 | Temple   | Became a worshipper of Warmaster Okawaru
  4476 | Temple   | 4476 ||| PLANNING D:1-11
  4661 | D:6      | Reached skill level 3 in Dodging
  4740 | D:6      | 4740 ||| READING 2 scrolls of identify.
  4740 | D:6      | 4740 ||| IDENTIFYING fuming dark potion
  4741 | D:6      | 4741 ||| DROPPING potion of degeneration.
  4768 | D:7      | Noticed a gargoyle
  4773 | D:7      | Killed a gargoyle
  4774 | D:7      | Reached skill level 10 in Ranged Weapons
  4774 | D:7      | Reached XP level 9. HP: 15/55 MP: 9/9
  4956 | D:7      | Noticed Prince Ribbit
  4966 | D:7      | Killed Prince Ribbit
  4972 | D:7      | Reached * piety under Okawaru
  4987 | D:7      | Reached skill level 1 in Invocations
  4987 | D:7      | 4987 ||| RETREATING.
  4988 | D:7      | 4988 ||| Stepping ~*~*~tactically~*~*~ (retreating).
  4989 | D:7      | 4989 ||| Stepping ~*~*~tactically~*~*~ (retreating).
  4990 | D:7      | 4990 ||| Stepping ~*~*~tactically~*~*~ (outnumbered).
  4991 | D:7      | 4991 ||| Stepping ~*~*~tactically~*~*~ (retreating).
  4992 | D:7      | 4992 ||| Stepping ~*~*~tactically~*~*~ (retreating).
  4993 | D:7      | 4993 ||| Stepping ~*~*~tactically~*~*~ (retreating).
  4995 | D:7      | 4995 ||| INVOKING Heroism.
  5005 | D:7      | 5005 ||| INVOKING Heroism.
  5121 | D:7      | 5121 ||| Stepping ~*~*~tactically~*~*~ (outnumbered).
  5146 | D:7      | Found Xaomoc's Magic Scroll Shoppe.
  5151 | D:7      | 5151 ||| BUYING scroll of enchant armour (90 gold).
  5151 | D:7      | Bought a scroll of enchant armour for 90 gold pieces
  5151 | D:7      | 5151 ||| BUYING scroll of identify (24 gold).
  5151 | D:7      | Bought a scroll of identify for 24 gold pieces
  5151 | D:7      | 5151 ||| BUYING scroll of identify (24 gold).
  5151 | D:7      | Bought a scroll of identify for 24 gold pieces
  5151 | D:7      | 5151 ||| BUYING scroll of identify (24 gold).
  5151 | D:7      | Bought a scroll of identify for 24 gold pieces
  5151 | D:7      | 5151 ||| BUYING scroll of identify (24 gold).
  5151 | D:7      | Bought a scroll of identify for 24 gold pieces
  5151 | D:7      | 5151 ||| BUYING scroll of identify (24 gold).
  5151 | D:7      | Bought a scroll of identify for 24 gold pieces
  5151 | D:7      | 5151 ||| BUYING scroll of identify (24 gold).
  5151 | D:7      | Bought a scroll of identify for 24 gold pieces
  5236 | D:7      | Noticed Joseph
  5237 | D:7      | 5237 ||| RETREATING.
  5248 | D:7      | 5248 ||| INVOKING Heroism.
  5252 | D:7      | 5252 ||| Stepping ~*~*~tactically~*~*~ (retreating).
  5253 | D:7      | 5253 ||| Stepping ~*~*~tactically~*~*~ (retreating).
  5254 | D:7      | 5254 ||| Stepping ~*~*~tactically~*~*~ (retreating).
  5262 | D:7      | 5262 ||| INVOKING Heroism.
  5266 | D:7      | HP: 11/57 [Joseph/+0 quarterstaff (4)]
  5267 | D:7      | 5267 ||| READING 2 scrolls of teleportation.
  5268 | D:7      | 5268 ||| DRINKING potion of heal wounds.
  5269 | D:7      | Killed Joseph
  5270 | D:7      | Reached skill level 11 in Ranged Weapons
  5303 | D:7      | 5303 ||| FLEEEEING.
  5304 | D:7      | 5304 ||| FLEEEEING.
  5305 | D:7      | 5305 ||| FLEEEEING.
  5306 | D:7      | 5306 ||| FLEEEEING.
  5307 | D:7      | 5307 ||| FLEEEEING.
  5308 | D:7      | 5308 ||| FLEEEEING.
  5309 | D:7      | 5309 ||| FLEEEEING.
  5310 | D:7      | 5310 ||| FLEEEEING.
  5311 | D:7      | 5311 ||| FLEEEEING.
  5312 | D:7      | 5312 ||| STAIRDANCE
  5343 | D:6      | 5343 ||| UPGRADING to +0 helmet.
  5348 | D:6      | 5348 ||| READING scroll of enchant armour.
  5348 | D:6      | 5348 ||| ENCHANTING +0 helmet.
  5349 | D:6      | 5349 ||| READING scroll labelled POVIESIERULI.
  5350 | D:6      | 5350 ||| READING 7 scrolls of identify.
  5350 | D:6      | 5350 ||| IDENTIFYING smoky inky potion
  5351 | D:6      | 5351 ||| DROPPING potion of ambrosia.
  5468 | D:7      | 5468 ||| READING scroll labelled KIAWON YGGIO.
  5621 | D:8      | Noticed Pikel
  5621 | D:8      | 5621 ||| RETREATING.
  5636 | D:8      | 5636 ||| INVOKING Heroism.
  5642 | D:8      | 5642 ||| Stepping ~*~*~tactically~*~*~ (retreating).
  5643 | D:8      | 5643 ||| Stepping ~*~*~tactically~*~*~ (retreating).
  5644 | D:8      | 5644 ||| Stepping ~*~*~tactically~*~*~ (retreating).
  5645 | D:8      | 5645 ||| Stepping ~*~*~tactically~*~*~ (retreating).
  5649 | D:8      | 5649 ||| INVOKING Heroism.
  5651 | D:8      | Killed Pikel
  5697 | D:8      | 5697 ||| Stepping ~*~*~tactically~*~*~ (retreating).
  5699 | D:8      | Reached XP level 10. HP: 52/63 MP: 13/13
  5701 | D:8      | 5701 ||| INVOKING Heroism.
  5974 | D:8      | 5974 ||| Stepping ~*~*~tactically~*~*~ (retreating).
  5975 | D:8      | 5975 ||| Stepping ~*~*~tactically~*~*~ (retreating).
  5976 | D:8      | 5976 ||| Stepping ~*~*~tactically~*~*~ (retreating).
  5982 | D:8      | 5982 ||| INVOKING Heroism.
  6226 | D:8      | 6226 ||| UPGRADING to +0 pair of gloves.
  6231 | D:8      | 6231 ||| DRINKING 2 pink potions.
  6232 | D:8      | 6232 ||| READING 6 scrolls of identify.
  6232 | D:8      | 6232 ||| IDENTIFYING fizzy emerald potion
  6233 | D:8      | 6233 ||| DROPPING potion of attraction.
  6299 | D:9      | Found a staircase to the Lair.
  6323 | D:9      | Found a large runed translucent door.
  6323 | D:9      | Found a large runed translucent door.
  6445 | D:9      | 6445 ||| RETREATING.
  6472 | D:9      | Noticed a two-headed ogre
  6473 | D:9      | 6473 ||| INVOKING Heroism.
  6478 | D:9      | Killed a two-headed ogre
  6626 | D:9      | Noticed a centaur warrior
  6628 | D:9      | 6628 ||| INVOKING Heroism.
  6633 | D:9      | Killed a centaur warrior
  6633 | D:9      | Reached ** piety under Okawaru
  6634 | D:9      | Reached skill level 12 in Ranged Weapons
  6840 | D:9      | 6840 ||| Stepping ~*~*~tactically~*~*~ (outnumbered).
  7008 | D:9      | Noticed a two-headed ogre
  7009 | D:9      | 7009 ||| INVOKING Heroism.
  7012 | D:9      | Killed a two-headed ogre
  7013 | D:9      | Reached skill level 13 in Ranged Weapons
  7101 | D:9      | 7101 ||| Stepping ~*~*~tactically~*~*~ (outnumbered).
  7103 | D:9      | 7103 ||| RETREATING.
  7110 | D:9      | Reached *** piety under Okawaru
  7426 | D:9      | 7426 ||| PLANNING LAIR
  7426 | D:9      | 7426 ||| UPGRADING to ring of protection from fire.
  7428 | D:9      | 7428 ||| READING 5 scrolls of identify.
  7428 | D:9      | 7428 ||| IDENTIFYING dark potion
  7429 | D:9      | 7429 ||| DROPPING potion of lignification.
  7443 | Lair:1   | Entered Level 1 of the Lair of Beasts
  7448 | Lair:1   | Reached XP level 11. HP: 69/69 MP: 14/14
  7450 | Lair:1   | 7450 ||| Stepping ~*~*~tactically~*~*~ (water).
  7545 | Lair:1   | Reached skill level 9 in Fighting
  7617 | Lair:1   | 7617 ||| INVOKING Heroism.
  7622 | Lair:1   | 7622 ||| Stepping ~*~*~tactically~*~*~ (retreating).
  7623 | Lair:1   | 7623 ||| RETREATING.
  7626 | Lair:1   | 7626 ||| Stepping ~*~*~tactically~*~*~ (retreating).
  7642 | Lair:1   | 7642 ||| INVOKING Heroism.
  7742 | Lair:1   | 7742 ||| INVOKING Heroism.
  7762 | Lair:1   | Reached skill level 14 in Ranged Weapons
  7777 | Lair:1   | 7777 ||| INVOKING Heroism.
  7837 | Lair:1   | 7837 ||| INVOKING Heroism.
  7949 | Lair:1   | 7949 ||| INVOKING Heroism.
  7959 | Lair:1   | Reached **** piety under Okawaru
  8430 | Lair:2   | Noticed a skyshark
  8435 | Lair:2   | Killed a skyshark
  8450 | Lair:2   | 8450 ||| RETREATING.
  8455 | Lair:2   | 8455 ||| Stepping ~*~*~tactically~*~*~ (retreating).
  8456 | Lair:2   | 8456 ||| Stepping ~*~*~tactically~*~*~ (retreating).
  8457 | Lair:2   | 8457 ||| Stepping ~*~*~tactically~*~*~ (retreating).
  8463 | Lair:2   | 8463 ||| Stepping ~*~*~tactically~*~*~ (retreating).
  8465 | Lair:2   | 8465 ||| Stepping ~*~*~tactically~*~*~ (retreating).
  8478 | Lair:2   | Reached ***** piety under Okawaru
  8479 | Lair:2   | Reached XP level 12. HP: 59/77 MP: 16/16
  8568 | Lair:2   | 8568 ||| RETREATING.
  8586 | Lair:2   | 8586 ||| RETREATING.
  8596 | Lair:2   | Reached skill level 6 in Invocations
  8622 | Lair:2   | Found a staircase to the Swamp.
  8741 | Lair:2   | Found a dark tunnel.
  8795 | Lair:2   | Found a staircase to the Snake Pit.
  8875 | Lair:2   | 8875 ||| RETREATING.
  8887 | Lair:2   | 8887 ||| Stepping ~*~*~tactically~*~*~ (retreating).
  8888 | Lair:2   | 8888 ||| Stepping ~*~*~tactically~*~*~ (retreating).
  8891 | Lair:2   | 8891 ||| Stepping ~*~*~tactically~*~*~ (retreating).
  8892 | Lair:2   | 8892 ||| Stepping ~*~*~tactically~*~*~ (retreating).
  8901 | Lair:2   | 8901 ||| INVOKING Heroism.
  9418 | Lair:2   | 9418 ||| UPGRADING to +0 cloak.
  9423 | Lair:2   | 9423 ||| DROPPING scarf of shadows.
  9424 | Lair:2   | 9424 ||| READING 5 scrolls of identify.
  9424 | Lair:2   | 9424 ||| IDENTIFYING coppery potion
  9425 | Lair:2   | 9425 ||| DROPPING potion of brilliance.
  9483 | Lair:3   | Identified the +5 great sword "Ycwuzi" {flame, Fly rF+ rC+
                  | Str+2} (Okawaru gifted it to you on level 3 of the Lair of
                  | Beasts)
  9483 | Lair:3   | Received a gift from Okawaru
  9490 | Lair:3   | 9490 ||| INVOKING Heroism.
  9494 | Lair:3   | 9494 ||| Stepping ~*~*~tactically~*~*~ (retreating).
  9495 | Lair:3   | 9495 ||| Stepping ~*~*~tactically~*~*~ (retreating).
  9496 | Lair:3   | 9496 ||| Stepping ~*~*~tactically~*~*~ (retreating).
  9497 | Lair:3   | 9497 ||| RETREATING.
  9610 | Lair:3   | 9610 ||| INVOKING Heroism.
  9622 | Lair:3   | Reached skill level 6 in Armour
  9638 | Lair:3   | Reached skill level 15 in Ranged Weapons
  9659 | Lair:3   | 9659 ||| INVOKING Heroism.
 10202 | Lair:4   | 10202 ||| INVOKING Heroism.
 10203 | Lair:4   | 10203 ||| INVOKING Finesse.
 10248 | Lair:4   | Found a staircase to the Slime Pits.
 10249 | Lair:4   | Found a viscous altar of Jiyva.
 10250 | Lair:4   | 10250 ||| INVOKING Heroism.
 10419 | Lair:4   | Noticed a six-headed hydra
 10420 | Lair:4   | 10420 ||| INVOKING Heroism.
 10431 | Lair:4   | Killed a six-headed hydra
 10432 | Lair:4   | Reached skill level 9 in Invocations
 10606 | Lair:4   | Reached skill level 6 in Dodging
 10723 | Lair:4   | Identified the scarf of Fagox {harm, Int+3}
 10864 | Lair:4   | 10864 ||| INVOKING Heroism.
 10867 | Lair:4   | 10867 ||| RETREATING.
 10934 | Lair:4   | Noticed a four-headed hydra
 10935 | Lair:4   | 10935 ||| INVOKING Heroism.
 10941 | Lair:4   | Killed a four-headed hydra
 10942 | Lair:4   | Reached XP level 13. HP: 72/82 MP: 18/20
 11244 | Lair:4   | 11244 ||| DROPPING scarf of Fagox {harm, Int+3}.
 12535 | Lair:4   | HP: 19/82 [oklob plant/splash of acid (4)]
 12536 | Lair:4   | 12536 ||| READING 2 scrolls of teleportation.
 12766 | Lair:4   | HP: 18/82 [oklob plant/splash of acid (23)]
 12767 | Lair:4   | 12767 ||| READING scroll of teleportation.
 12767 | Lair:4   | Killed from afar by an oklob plant

Levels and vault maps discovered:
D:1:      dpeg_arrival_pits, layout_basic
D:2:      layout_loops_ring, basic_altar, kennysheep_jessica_study
D:3:      layout_loops_cross, gammafunk_temple_of_torment, st_stairs_6
D:4:      layout_loops_ring, minmay_starry_boxes
D:5:      wad_river_or_something, layout_loops_cross, uniq_edmund, uniq_menkaure
D:6:      layout_basic, minmay_temple_entry_drinking_statues
D:7:      layout_cave_pools, serial_shops, nicolae_shop_back_alley_shop,
          uniq_prince_ribbit1, uniq_joseph
D:8:      layout_rooms, serial_curves, eino_curves_03, eino_curves_02,
          sigmund_army, uniq_pikel
D:9:      layout_irregular_city, jmf_multi_god_temple2, dpeg_oklobed_lair,
          lemuel_flamethrower_2
Temple:   mainiacjoe_temple_coin_purse
Lair:1:   layout_roguey, infiniplex_staircase_pool_2, grunt_megastairs_2
Lair:2:   layout_gridlike, swamp_mist, guppyfry_snake_entry_island,
          enter_volcano_2, serial_bayou_shore_a, infiniplex_staircase_pool
Lair:3:   layout_gridlike, grunt_forest_stairs_clearing
Lair:4:   layout_cave_pods, minmay_slime_entry_oklob_open

Skill      XL: |  1  2  3  4  5  6  7  8  9 10 11 12 13 |
---------------+----------------------------------------+-----
Armour         | 1 2 4 5 6 |  6.0
Ranged Weapons | 5 6 7 8 10 11 13 14 15 | 15.4
Fighting       | 3 4 5 6 7 8 10 | 10.0
Dodging        | 2 3 4 5 6 |  6.0
Invocations    | 4 5 9 10 | 10.1
Stealth        | |  1.1

Action                     |  1- 3 |  4- 6 |  7- 9 | 10-12 | 13-15 || total
---------------------------+-------+-------+-------+-------+-------++-------
   Fire: Shortbow          |    72 |   225 |    89 |       |       ||   386
         Arbalest          |       |       |   162 |   469 |    21 ||   652
 Invoke: Heroism           |       |       |     6 |    20 |       ||    26
         Finesse           |       |       |       |     1 |       ||     1
    Use: Scroll            |     2 |    10 |    15 |     3 |     2 ||    32
         Potion            |       |     2 |     1 |     1 |       ||     4
 Armour: Leather armour    |     6 |       |       |       |       ||     6
         Ring mail         |    13 |    74 |   107 |   188 |    29 ||   411
  Dodge: Dodged            |    13 |    45 |    94 |   195 |     9 ||   356
  Block: Other             |       |    17 |    43 |    67 |     4 ||   131
         Reflection        |       |     3 |     1 |     4 |     1 ||     9

Table legend:
 A = Non-vault XP
 B = Vault XP
 C = Vault XP percentage of total XP
 D = Non-vault monster count
 E = Vault monster count
 F = Vault count percentage of total count
                 A         B        C        D         E       F
            +---------+---------+-------+---------+---------+-------
      Total |   29313 |    3881 |  11.7 |     250 |      37 |  12.9
            +---------+---------+-------+---------+---------+-------
        D:1 |      26 |       0 |   0.0 |      15 |       0 |   0.0
        D:2 |     105 |      39 |  27.1 |      19 |       2 |   9.5
        D:3 |      48 |       2 |   4.0 |      18 |       1 |   5.3
        D:4 |     234 |      35 |  13.0 |      18 |       6 |  25.0
        D:5 |     495 |     515 |  51.0 |       8 |      10 |  55.6
        D:6 |     570 |       0 |   0.0 |      23 |       0 |   0.0
        D:7 |    1144 |     738 |  39.2 |      23 |       2 |   8.0
        D:8 |     957 |     676 |  41.4 |      13 |       7 |  35.0
        D:9 |    3637 |       0 |   0.0 |      34 |       0 |   0.0
     Lair:1 |    6212 |     338 |   5.2 |      24 |       2 |   7.7
     Lair:2 |    6458 |       0 |   0.0 |      24 |       0 |   0.0
     Lair:3 |    3330 |     973 |  22.6 |      13 |       6 |  31.6
     Lair:4 |    6097 |     565 |   8.5 |      18 |       1 |   5.3
            +---------+---------+-------+---------+---------+-------
